[Event "Live Chess"]
[Site "Chess.com"]
[Date "2023.05.21"]
[Round "-"]
[White "manthanit"]
[Black "Conradical12"]
[Result "0-1"]
[WhiteElo "1086"]
[BlackElo "1571"]
[TimeControl "300"]
[EndTime "5:47:44 PDT"]
[Termination "Conradical12 won by resignation"]

1. e4 e5 2. Nf3 Nc6 3. Bc4 Nf6 4. d3 Bc5 5. h3 O-O 6. O-O d6 7. Be3 Bxe3 8. fxe3 Be6 9. Nbd2 Qd7 10. Ng5 h6 11. Nxe6 fxe6 12. Qe2 d5 13. exd5 exd5 14. Bb3 Kh8 15.
a3 Rae8 16. Rf2 d4 17. e4 Na5 18. Ba2 Qb5 19. Nb3 Nxb3 20. Bxb3 a5 21. Raf1 a4 22. Ba2 Qxb2 23. Bd5 c6 24. Rxf6 gxf6 25. Bxc6 bxc6 26. Rf5 Qxa3 27. Qh5 Qc1+ 28. Kh2 Rg8 29. Qxh6+ Qxh6 0-1

[Event "Live Chess"]
[Site "Chess.com"]
[Date "2023.05.21"]
[Round "-"]
[White "MartinWalker4"]
[Black "wot-not"]
[Result "1-0"]
[WhiteElo "2054"]
[BlackElo "1531"]
[TimeControl "300"]
[EndTime "5:47:51 PDT"]
[Termination "MartinWalker4 won by resignation"]

1. e4 e6 2. d4 d5 3. Nd2 Nc6 4.
Ngf3 dxe4 5. Nxe4 Nf6 6. Nxf6+ Qxf6 7. Bd3 Bd7 8. Bg5 Qxd4 9. Nxd4 Nxd4 10. O-O f6 11. Qh5+ 1-0

[Event "Live Chess"]
[Site "Chess.com"]
[Date "2023.05.21"]
[Round "-"]
[White "JoRoSaR"]
[Black "HoarseyHorsey"]
[Result "1-0"]
[WhiteElo "1690"]
[BlackElo "1464"]
[TimeControl "300"]
[EndTime "5:47:54 PDT"]
[Termination "JoRoSaR won by resignation"]

1. e4 c5 2. Nf3 e6 3. Bb5 Nc6 4.
Bxc6 bxc6 5. d3 d5 6. O-O Be7 7. c4 Nf6 8. Qc2 dxe4 9. dxe4 O-O 10. Nc3 Qc7 11. b3 Nd7 12. Bb2 Ne5 13. Nxe5 Qxe5 14. Na4 Qc7 15. Ba3 Bd6 16. g3 Rd8 17. Bxc5 Bxc5 18.
Nxc5 Qb6 19. Na4 Qb4 20. Rad1 Bb7 21. Rxd8+ Rxd8 22. Rd1 Qe7 23. Rd3 Rxd3 24. Qxd3 Kf8 25. Qd4 Ke8 26. Nc5 Ba8 27. Qxg7 Qxc5 28. Qh8+ Ke7 29. Qxa8 Qd4 30. Qb7+ Kf6 31. Qxc6 h5 32. a4 h4 33. Kg2 Qc3 34. Qb5 e5 35. f4 hxg3 36. hxg3 Qd2+ 37. Kh3 exf4 38. Qf5+ Ke7 39. Qxf4 Qd3 40. Qe5+ Kf8 41. Qb8+ Kg7 42. Qb7 a5 43. e5 Qf5+ 44. g4 Qd3+ 45. Kh4 Qh7+ 46. Kg5 Qg6+ 47. Kf4 Qd3 48. Qf3 Qd4+ 49. Qe4 Qd2+ 50. Kg3 Qc3+ 51. Kh4 Qxb3 52. c5 Qe6 53. Qf5 Qh6+ 54. Qh5 Qe3 55. Qg5+ Qxg5+ 56. Kxg5 1-0

[Event "Live Chess"]
[Site "Chess.com"]
[Date "2023.05.21"]
[Round "-"]
[White "AyannaTang"]
[Black "whatnot126"]
[Result "0-1"]
[WhiteElo "212"]
[BlackElo "2050"]
[TimeControl "300"]
[EndTime "5:47:56 PDT"]
[Termination "whatnot126 won by checkmate"]

1. e4 d6 2. d4 Nf6 3. Nf3 g6 4. Nc3 Bg7 5. Bc4 O-O 6. Bf4 Nxe4 7. Nxe4 d5 8. Bxd5 Qxd5 9. Neg5 h6 10. Ne4 Qxe4+ 11. Be3 f5 12. Qd2 f4 13. O-O-O fxe3 14.
fxe3 Bg4 15. Rhe1 Nc6 16. Rf1 Rad8 17. Rde1 e5 18. dxe5 Rxd2 19. Kxd2 Bxf3 20. gxf3 Rxf3 21. Rxf3 Qxf3 22. Kc1 Bxe5 23. h4 Bg3 24. h5 Bxe1 25. Kb1 Qd1# 0-1

[Event "Live Chess"]
[Site "Chess.com"]
[Date "2023.05.21"]
[Round "-"]
[White "smoggyrabbit"]
[Black "jbooth"]
[Result "0-1"]
[WhiteElo "1661"]
[BlackElo "1698"]
[TimeControl "300"]
[EndTime "5:48:00 PDT"]
[Termination "jbooth won on time"]

1. d4 d6 2. e4 Nf6 3. Bd3 Nbd7 4. Nf3 e5 5. c3 c6 6. O-O Qc7 7.
Nbd2 Be7 8. Qc2 h6 9. b3 g5 10.
Bb2 Nf8 11. c4 Ng6 12. d5 Nf4 13. g3 Nxd3 14. Qxd3 c5 15. a3 Bh3 16. Rfc1 Rg8 17. b4 b6 18. bxc5 bxc5 19. Bc3 Kf8 20. Rcb1 Kg7 21. Rb5 a6 22. Ba5 Qd7 23. Rb3 Rgb8 24. Rab1 Rxb3 25. Rxb3 Qa4 26. Bc3 Rb8 27. Qb1 Rxb3 28.
Qxb3 Qxb3 29. Nxb3 Nxe4 30. Na5 Nxc3 31. Nc6 Kf8 32. Nxe7 Kxe7 33. Nd2 f5 34. f4 Bg4 0-1

[Event "Live Chess"]
[Site "Chess.com"]
[Date "2023.05.21"]
[Round "-"]
[White "luckywookie"]
[Black "JoeRoot66"]
[Result "1/2-1/2"]
[WhiteElo "805"]
[BlackElo "1901"]
[TimeControl "300"]
[EndTime "5:48:06 PDT"]
[Termination "Game drawn by stalemate"]

1. e4 c6 2. d4 d5 3. e5 Bf5 4.
Bd3 Bxd3 5. Qxd3 e6 6. Nf3 Qa5+ 7. Nc3 Qa6 8. Kd2 Ne7 9. a3 Nf5 10. b4 Bxb4 11. Qxa6 Bxc3+ 12. Kxc3 Nxa6 13. Rb1 b6 14. a4 c5 15. dxc5 Rc8 16. a5 Rxc5+ 17. Kd2 Rxa5 18. g4 Ne7 19. Nd4 O-O 20. Rb3 Nc5 21. Rc3 Ne4+ 22. Kd3 Nxf2+ 23. Ke2 Nxh1 24. Kf3 Rc5 25. Rxc5 bxc5 26.
Nb5 Rb8 27. Nxa7 Rb1 28. Bd2 Kf8 29. Kg2 Ke8 30. Be3 d4 31. Bf4 Kd7 32. Nb5 Rxb5 33. Kxh1 Rb2 34. Kg2 Rxc2+ 35. Kf3 Nd5 36. Bg5 f6 37. exf6 gxf6 38. Bh6 Rxh2 39. g5 Rxh6 40. gxh6 c4 41. Ke2 c3 42. Kd1 d3 43. Kc1 d2+ 44. Kc2 Ne3+ 45. Kxc3 d1=Q 46. Kb2 Qc2+ 47. Ka3 Qb1 48. Ka4 Nc4 1/2-1/2

[Event "Live Chess"]
[Site "Chess.com"]
[Date "2023.05.21"]
[Round "-"]
[White "garyjc"]
[Black "Biranidun"]
[Result "0-1"]
[WhiteElo "1040"]
[BlackElo "2524"]
[TimeControl "300"]
[EndTime "5:48:14 PDT"]
[Termination "Biranidun won by resignation"]

1. e4 c5 2. Nc3 g6 3. f4 Bg7 4. Bc4 Nc6 5. Nf3 e6 6. d3 Nge7 7. O-O d5 8. exd5 exd5 9. Bb3 Bg4 10. a4 Nd4 11. h3 Nxf3+ 12. Rxf3 Bxf3 13. Qxf3 Bxc3 14.
bxc3 Rc8 15. Bd2 c4 16. Ba2 O-O 17. dxc4 dxc4 18. Be3 Nf5 19. Bxa7 Qa5 20. Qxb7 Rc7 21. Qb4 Qxa7+ 22. Kh1 Rb8 23. Qa3 Qf2 24. Rb1 Rxb1+ 25.
Bxb1 Qf1+ 0-1

[Event "Live Chess"]
[Site "Chess.com"]
[Date "2023.05.21"]
[Round "-"]
[White "Pablo_dmp"]
[Black "viktorskliarov"]
[Result "0-1"]
[WhiteElo "1875"]
[BlackElo "2649"]
[TimeControl "300"]
[EndTime "5:48:16 PDT"]
[Termination "viktorskliarov won by resignation"]

1. e4 c6 2. d4 d5 3. e5 Bf5 4. h4 h5 5. Bg5 Qb6 6. Bd3 Bxd3 7. Qxd3 Qxb2 8. Qb3 Qxb3 9. axb3 e6 10. c4 Bb4+ 11. Bd2 Bxd2+ 12. Nxd2 Ne7 13. f4 Nf5 14. Ngf3 Ke7 15.
Kf2 Rd8 16. c5 Na6 17. Ra4 Nc7 18. b4 Nb5 19. Nb3 Nc3 20. Ra5 Ne4+ 21. Ke1 f6 22.
Nbd2 b6 23. Ra6 Rdb8 24. Nxe4 dxe4 25. Nd2 e3 26. Nf1 bxc5 27. bxc5 Rb1+ 28. Ke2 Rab8 29. Ra2 R8b2+ 30. Rxb2 Rxb2+ 31. Ke1 Rxg2 32. Rh3 e2 33.
Ne3 Rg1+ 34. Kxe2 Nxd4+ 35. Kd3 Nb5 36. Nc4 Rg4 37. Ke4 f5+ 38. Ke3 Kd7 39. Nd6 Kc7 40. Ne8+ Kd8 41. Nd6 Kd7 42. Nb7 Kc7 43. Nd6 a5 44.
Nc4 a4 45. Na5 a3 46. Nb3 a2 0-1

[Event "Live Chess"]
[Site "Chess.com"]
[Date "2023.05.21"]
[Round "-"]
[White "seasidecastle27"]
[Black "TheSmoulderingMaster"]
[Result "1/2-1/2"]
[WhiteElo "1883"]
[BlackElo "1641"]
[TimeControl "300"]
[EndTime "5:48:16 PDT"]
[Termination "Game drawn by repetition"]

1. d4 Nf6 2. Nf3 d6 3. Bg5 Ne4 4. Bh4 c6 5. Nbd2 Bf5 6. e3 Qa5 7. c3 Qb6 8. Qb3 Qc7 9. Nxe4 Bxe4 10. Nd2 Bd5 11. c4 Be6 12. Qc2 a6 13. Bd3 b5 14.
O-O g6 15. Bg3 Bg7 16. c5 O-O 17. cxd6 exd6 18. Rfc1 Qd7 19. b3 c5 20. Rab1 Nc6 21.
dxc5 dxc5 22. Be4 Nb4 23. Qxc5 Qxd2 24. Bxa8 Rxa8 25. Rd1 Nd3 26. Rxd2 Nxc5 27. Rbd1 Ne4 28. Rd8+ Rxd8 29. Rxd8+ Bf8 30. Bf4 g5 31. Bc7 Kg7 32. f3 Nc5 33. Rxf8 Kxf8 34. Bd6+ Ke8 35. Bxc5 Kd7 36.
Kf2 Kc6 37. Bd4 a5 38. Ke2 a4 39. bxa4 bxa4 40. a3 h5 41. Kd3 f5 42. Bf6 g4 43.
fxg4 hxg4 44. Kd4 Bd5 45. g3 Be4 46. Be5 Kb5 47. Bd6 Kc6 48. Bb4 Kb5 49. Bd6 Kc6 50. Bb4 Kb5 51. Bd6 1/2-1/2

[Event "Live Chess"]
[Site "Chess.com"]
[Date "2023.05.21"]
[Round "-"]
[White "zdanevych"]
[Black "Bot_Boy"]
[Result "1-0"]
[WhiteElo "1517"]
[BlackElo "334"]
[TimeControl "300"]
[EndTime "5:48:19 PDT"]
[Termination "zdanevych won on time"]

1. d4 d5 2. c4 Nf6 3. cxd5 Nxd5 4.
e4 Nb6 5. Nf3 e6 6. a3 c5 7. Be3 c4 8. Nc3 Bd7 9. Be2 a6 10. O-O f5 11. exf5 exf5 12. Ne5 Be7 13. Bh5+ g6 14. Bf3 Bg5 15. Bxg5 Qxg5 16. Bxb7 Ra7 17.
Bd5 Nxd5 18. Nxd5 f4 19. Re1 O-O 20. Nf3 Qxd5 21. Re5 Qd6 22. Qe2 Rb7 23. Qxc4+ Kh8 24. b4 Rb5 25. Rae1 Rxe5 26. Rxe5 Nc6 27. Rd5 Qe7 28.
Ne5 Nxe5 29. Rxe5 Qf6 30. h3 Bb5 31. Qc7 1-0

[Event "Live Chess"]
[Site "Chess.com"]
[Date "2023.05.21"]
[Round "-"]
[White "LiamClery2020"]
[Black "Nazar_777"]
[Result "1-0"]
[WhiteElo "1982"]
[BlackElo "1556"]
[TimeControl "300"]
[EndTime "5:48:21 PDT"]
[Termination "LiamClery2020 won by checkmate"]

1. e4 e6 2. d4 a6 3. Nf3 h5 4. Bg5 Be7 5. Bxe7 Qxe7 6. Nc3 c5 7. d5 Qd8 8. d6 b6 9. Qe2 Bb7 10. O-O-O Qc8 11. Nd5 Nf6 12. Nxb6 Qc6 13. Nxa8 Bxa8 14. e5 Nd5 15. Qe4 g6 16. Bc4 Qb6 17. Bxd5 Bxd5 18. Rxd5 exd5 19. Qxd5 Nc6 20. Ng5 Rf8 21. Nh7 Rg8 22.
Nf6+ Kf8 23. Nxd7+ Kg7 24. Nxb6 Nb4 25. Qxc5 a5 26.
Qxa5 Nxa2+ 27. Qxa2 Rb8 28. d7 Rxb6 29. d8=Q Re6 30.
Qxe6 fxe6 31. Rd1 Kh6 32. Qf6 h4 33. Rd8 h3 34. Rh8# 1-0

[Event "Live Chess"]
[Site "Chess.com"]
[Date "2023.05.21"]
[Round "-"]
[White "Leonid_Starozhilov"]
[Black "MaximKhimchenko"]
[Result "1-0"]
[WhiteElo "2638"]
[BlackElo "1404"]
[TimeControl "300"]
[EndTime "5:48:31 PDT"]
[Termination "Leonid_Starozhilov won by checkmate"]

1. e4 c5 2. Nf3 Nc6 3. Bb5 d6 4.
O-O Bd7 5. c3 Nf6 6. Re1 Ne5 7.
Bxd7+ Qxd7 8. d4 cxd4 9. cxd4 Nxf3+ 10. Qxf3 e5 11. dxe5 dxe5 12. Nc3 Bb4 13. Bg5 Bxc3 14. Qxc3 Qe6 15. Qc7 O-O 16. b3 b6 17. Rad1 Rfc8 18. Qd6 Qxd6 19. Rxd6 Rc5 20. Bxf6 gxf6 21. Rxf6 Kg7 22.
Rd6 Rac8 23. h4 Rc2 24. Re3 Rxa2 25. Rg3+ Kf8 26. Rf3 Rc1+ 27. Kh2 Rcc2 28. Rd7 a5 29. Rdxf7+ Kg8 30. R7f5 Rc5 31. Rg5+ Kh8 32. Rf8# 1-0

[Event "Live Chess"]
[Site "Chess.com"]
[Date "2023.05.21"]
[Round "-"]
[White "Berdgross"]
[Black "Vitalii18a"]
[Result "1-0"]
[WhiteElo "697"]
[BlackElo "1127"]
[TimeControl "300"]
[EndTime "5:48:35 PDT"]
[Termination "Berdgross won by checkmate"]

1. d4 d5 2. e3 e6 3. Nc3 c5 4. dxc5 Bxc5 5. a3 Qa5 6. Bd2 Nf6 7. Nxd5 Qa4 8. Nc7+ Ke7 9. Nxa8 Bd7 10. Nc7 Bd6 11. Nb5 Bxb5 12. Bxb5 Qxb5 13. b3 Rd8 14. a4 Qb6 15.
Nf3 Bb4 16. O-O Rd5 17. Qe2 Bxd2 18. Nxd2 Qd6 19. Rfd1 Rc5 20. Nc4 Qc6 21. h3 Ne4 22.
Qd3 Nf6 23. Qd8# 1-0

[Event "Live Chess"]
[Site "Chess.com"]
[Date "2023.05.21"]
[Round "-"]
[White "Brooms1989"]
[Black "bedsdrout"]
[Result "0-1"]
[WhiteElo "1149"]
[BlackElo "799"]
[TimeControl "300"]
[EndTime "5:48:39 PDT"]
[Termination "bedsdrout won by checkmate"]

1. e4 e5 2. Nc3 Nf6 3. f4 d6 4. fxe5 dxe5 5. Nf3 Nc6 6. Bc4 Bb4 7. O-O a6 8. a3 Bc5+ 9. Kh1 Bg4 10. h3 Bxf3 11.
Rxf3 O-O 12. d3 Nd4 13. Rg3 Kh8 14. Qg4 Nxg4 15. Rxg4 b5 16. Ba2 Nxc2 17. Rb1 Qxd3 18. Nd5 Qd1+ 19. Kh2 Qg1+ 20. Kg3 Qf2+ 21. Kh2 Qg1+ 22.
Kg3 Bf2+ 23. Kf3 Nd4# 0-1

[Event "Live Chess"]
[Site "Chess.com"]
[Date "2023.05.21"]
[Round "-"]
[White "Duke_of_Bebington"]
[Black "MartynColebrook"]
[Result "1-0"]
[WhiteElo "1569"]
[BlackElo "959"]
[TimeControl "300"]
[EndTime "5:48:43 PDT"]
[Termination "Duke_of_Bebington won by resignation"]

1. e4 d5 2. exd5 Qxd5 3. d4 Nc6 4. Nf3 Nf6 5. Be2 Bf5 6. O-O O-O-O 7. c3 Ne4 8. Qb3 Qxb3 9. axb3 e6 10. Bf4 Bd6 11.
Bxd6 Nxd6 12. Nbd2 Rhe8 13. Nc4 Bc2 14. b4 Nxc4 15.
Bxc4 a6 16. b5 axb5 17. Bxb5 Be4 18. Ra8+ Kd7 19. Ra7 Ra8 20. Rxb7 Kc8 21. Bxc6 Bxc6 22. Rb3 Kd7 23. Ne5+ Kd6 24. Nxf7+ Kd5 25. Re1 Kc4 26. Rb4+ Kd3 27. Ne5+ Kc2 28. Nxc6 Ra2 29. h3 Rxb2 30. Rxb2+ Kxb2 31. c4 1-0

[Event "Live Chess"]
[Site "Chess.com"]
[Date "2023.05.21"]
[Round "-"]
[White "LodeshChess"]
[Black "wadsy27"]
[Result "0-1"]
[WhiteElo "1191"]
[BlackElo "2551"]
[TimeControl "300"]
[EndTime "5:48:43 PDT"]
[Termination "wadsy27 won by resignation"]

1. e4 e6 2. d4 d5 3. e5 c5 4. c3 Nc6 5. Nf3 Qb6 6. Bd3 cxd4 7. O-O Bd7 8. a3 Nge7 9. Nbd2 dxc3 10. bxc3 Na5 11.
Re1 Rc8 12. Qc2 Qc7 13. Bb2 a6 14. c4 dxc4 15. Nxc4 Nxc4 16. Rac1 b5 17. a4 Nd5 18.
axb5 axb5 19. Re4 Be7 20. Bxc4 bxc4 21. Rxc4 Qxc4 22. Qxc4 Rxc4 23. Rxc4 O-O 24. h3 Rb8 25. Bd4 h6 26. Ra4 Bxa4 0-1

[Event "Live Chess"]
[Site "Chess.com"]
[Date "2023.05.21"]
[Round "-"]
[White "EdenHazard8"]
[Black "AMCWAML"]
[Result "1/2-1/2"]
[WhiteElo "1938"]
[BlackElo "2307"]
[TimeControl "300"]
[EndTime "5:48:56 PDT"]
[Termination "Game drawn - timeout vs insufficient material"]

1. e4 c5 2. Nc3 Nc6 3. f4 g6 4. Nf3 Bg7 5. Bc4 e6 6. O-O Nge7 7. d3 d5 8. Bb3 O-O 9. Qe1 dxe4 10. dxe4 Nd4 11.
Nxd4 cxd4 12. Ne2 d3 13. cxd3 Qxd3 14. Ng3 Bd7 15. Rf3 Qd4+ 16. Kh1 Bc6 17. Rb1 a5 18. Be3 Qd7 19. Bc5 Rfe8 20. Rd1 Qc7 21. Rf1 a4 22. Bc2 Bb5 23. Bd6 Qxc2 24. Rd2 Qc4 25.
Rf3 Nc6 26. e5 Ba6 27. Rc3 Qb5 28. Ne4 Qf1+ 29. Qxf1 Bxf1 30. Nc5 Ba6 31. Nd7 Rad8 32. Nb6 Bf8 33. Nxa4 Bxd6 34. exd6 e5 35. d7 Re7 36.
Nb6 exf4 37. h3 Kg7 38. Rf3 g5 39. h4 h6 40. Rb3 Ne5 41. hxg5 hxg5 42. Rd5 Nxd7 43.
Rxg5+ Kf6 44. Rh5 Nxb6 45. Rxb6+ Re6 46. Rb4 Rd1+ 47. Kh2 Be2 48. Rxf4+ Kg7 49. Rh3 Rg6 50.
Rf2 Bf1 51. Rhf3 Bc4 52. Rh3 Be6 53. Rh4 Rd8 54. Kg1 Bxa2 55. b4 Be6 56. b5 b6 57.
Rhf4 Rd5 58. Rh4 Rdg5 59. Kh2 Bd5 60. Rd4 Rxg2+ 61. Rxg2 Rxg2+ 62. Kh3 Rg5 63. Kh4 Kg6 64. Rd2 Be6 65. Rd6 Rg4+ 66. Kh3 Rd4+ 67. Kh2 Rxd6 68.
Kg3 Rd5 69. Kf4 Rxb5 70. Ke3 Rc5 71. Kf4 b5 72. Ke3 b4 73. Kf4 b3 74. Ke3 b2 75. Kd4 b1=Q 76. Kxc5 Qe1 77. Kd6 f5 78. Ke7 f4 79. Kf8 f3 80. Ke8 f2 81. Kd8 f1=Q 82.
Ke8 Qef2 83. Kd8 Bg4 84. Kc7 Q1e1 85. Kd6 Qfd2+ 86. Kc7 1/2-1/2

[Event "Live Chess"]
[Site "Chess.com"]
[Date "2023.05.21"]
[Round "-"]
[White "Ed_Knox"]
[Black "Olisingapore"]
[Result "0-1"]
[WhiteElo "1449"]
[BlackElo "1775"]
[TimeControl "300"]
[EndTime "5:49:08 PDT"]
[Termination "Olisingapore won by checkmate"]

1. d4 Nf6 2. Bf4 d5 3. e3 c5 4. Nf3 Nc6 5. Nbd2 Bf5 6. c3 e6 7. Qb3 Qd7 8. Bb5 c4 9. Qd1 Bd6 10. Bxc6 Qxc6 11. Bxd6 Qxd6 12. O-O O-O 13. Ne5 b5 14. Ndf3 h6 15. Nh4 Bh7 16. f4 b4 17.
f5 bxc3 18. bxc3 exf5 19. Nxf5 Qe6 20. Qf3 Ne4 21. Nxg7 Kxg7 22. Qh5 Bg6 23. Nxg6 fxg6 24. Qh4 Nxc3 25. Rf4 Ne2+ 26. Kh1 Nxf4 27. exf4 Rf5 28. Re1 Qf6 29. Re7+ Kg8 30. Qxh6 Qxe7 31. Qxg6+ Kh8 32. Qh6+ Qh7 33. Qc6 Rb8 34. h3 Rb1+ 35. Kh2 Qh6 36. Qc8+ Rf8 37. Qe6 Qxf4+ 38. g3 Qf2# 0-1

[Event "Live Chess"]
[Site "Chess.com"]
[Date "2023.05.21"]
[Round "-"]
[White "Ian-Morley"]
[Black "LiamBellwood"]
[Result "0-1"]
[WhiteElo "1050"]
[BlackElo "1923"]
[TimeControl "300"]
[EndTime "5:49:17 PDT"]
[Termination "LiamBellwood won by resignation"]

1. e4 e6 2. d4 d5 3. exd5 exd5 4.
Nd2 Bd6 5. Qe2+ Ne7 6. Qb5+ c6 7. Qe2 O-O 8. Ngf3 Nf5 9. Qd3 Re8+ 10. Be2 Na6 11.
a3 Nc7 12. g4 Nh4 13. Nxh4 Qxh4 14. h3 Bxg4 15. Nf3 Bxf3 16. Qxf3 Ne6 17. Be3 Nxd4 18.
Bxd4 Qxd4 19. c3 Qe4 20. Qxe4 Rxe4 21. f3 Bg3+ 22. Kd2 Bf4+ 23. Ke1 Re6 24. Kf2 Rae8 25. Bd3 Be3+ 26. Kg2 g6 27. Rhe1 Bd2 28. Rxe6 Rxe6 29. a4 c5 30. c4 dxc4 31. Bxc4 Rd6 32. b3 Bf4 33. h4 Rd2+ 34. Kh3 h5 35. Rh1 Kg7 36.
a5 Rf2 37. Bd5 b6 38. axb6 axb6 39. Be4 b5 40. Bd5 Rd2 41. Be4 c4 42. bxc4 bxc4 43. Bd5 Rxd5 44. Kg2 Rd2+ 45. Kg1 c3 0-1

[Event "Live Chess"]
[Site "Chess.com"]
[Date "2023.05.21"]
[Round "-"]
[White "diana21strabt"]
[Black "stevochess11"]
[Result "1-0"]
[WhiteElo "1759"]
[BlackElo "1715"]
[TimeControl "300"]
[EndTime "5:49:23 PDT"]
[Termination "diana21strabt won by resignation"]

1. e4 c5 2. Nf3 g6 3. d4 cxd4 4.
Nxd4 Nc6 5. Nc3 Bg7 6. Be3 Nf6 7. f3 O-O 8. Qd2 d5 9. exd5 Nxd5 10. Nxc6 Bxc3 11. Nxd8 Bxd2+ 12. Bxd2 Rxd8 13. Bc4 Bf5 14. Bb3 Rac8 15. c3 Bd3 16. O-O-O b5 17. Bg5 Bc4 18. Bxc4 bxc4 19. Rhe1 f6 20. Be3 Nxe3 21. Rxe3 Rxd1+ 22. Kxd1 Rd8+ 23. Kc2 e5 24. Re4 Kf7 25. Rxc4 Ke6 26.
Rc7 Rd7 27. Rxd7 Kxd7 28. Kd3 Kc6 29. Ke4 Kd6 30. b3 f5+ 31. Kd3 Kd5 32. a3 g5 33. c4+ Kc5 34. b4+ Kc6 35. g3 h5 36.
h3 h4 37. g4 e4+ 38. Ke3 exf3 39. gxf5 g4 40. hxg4 h3 41. Kxf3 h2 42. Kg2 1-0

[Event "Live Chess"]
[Site "Chess.com"]
[Date "2023.05.21"]
[Round "-"]
[White "NaCl1251"]
[Black "febray_27"]
[Result "0-1"]
[WhiteElo "585"]
[BlackElo "2006"]
[TimeControl "300"]
[EndTime "5:49:23 PDT"]
[Termination "febray_27 won by checkmate"]

1. e4 c5 2. Nc3 d6 3. Nf3 Nc6 4.
d4 cxd4 5. Nxd4 Nf6 6. Nxc6 bxc6 7. Bc4 g6 8. Qf3 Bg7 9. Bg5 O-O 10. Bxf6 Bxf6 11.
O-O-O Rb8 12. b3 Qa5 13. Kb2 h5 14. g3 Bg4 15. Qf4 Qxc3+ 16. Kb1 Qb2# 0-1

[Event "Live Chess"]
[Site "Chess.com"]
[Date "2023.05.21"]
[Round "-"]
[White "MovebyMove"]
[Black "ms_lilley"]
[Result "1-0"]
[WhiteElo "2476"]
[BlackElo "597"]
[TimeControl "300"]
[EndTime "5:49:24 PDT"]
[Termination "MovebyMove won by checkmate"]

1. Nf3 e6 2. e4 d5 3. exd5 exd5 4. d4 Ne7 5. Bd3 h6 6. O-O Ng6 7. c4 Be6 8. cxd5 Bxd5 9. Nc3 c6 10. Re1+ Be7 11.
Qe2 O-O 12. Nxd5 cxd5 13. Bxg6 fxg6 14. Qxe7 Qxe7 15. Rxe7 Nc6 16. Rxb7 Nxd4 17. Nxd4 Rf7 18. Rxf7 Kxf7 19. Be3 Kg8 20. Rc1 a5 21. h4 h5 22. Rc7 Kh7 23. Ne6 Rg8 24. Bd4 Kh6 25. Bxg7+ Kh7 26. Bf6+ Kh6 27. Bg5# 1-0

[Event "Live Chess"]
[Site "Chess.com"]
[Date "2023.05.21"]
[Round "-"]
[White "CheckThis4"]
[Black "Anirudh_23"]
[Result "1-0"]
[WhiteElo "2515"]
[BlackElo "1890"]
[TimeControl "300"]
[EndTime "5:49:35 PDT"]
[Termination "CheckThis4 won by checkmate"]

1. d4 Nf6 2. Nc3 d5 3. e4 Nxe4 4. Nxe4 dxe4 5. Bc4 Bf5 6. g4 Bg6 7. Ne2 Nc6 8. c3 e5 9. h4 h5 10.
Qb3 Na5 11. Qa4+ c6 12. dxe5 b5 13. Bxb5 cxb5 14. Qxb5+ Ke7 15. Bg5+ f6 16. Rd1 Qc7 17. Nf4 Bf7 18. exf6+ gxf6 19. Bxf6+ Kxf6 20. Qg5# 1-0

[Event "Live Chess"]
[Site "Chess.com"]
[Date "2023.05.21"]
[Round "-"]
[White "Tushinskiy"]
[Black "ameetghasi100"]
[Result "0-1"]
[WhiteElo "2219"]
[BlackElo "2606"]
[TimeControl "300"]
[EndTime "5:49:53 PDT"]
[Termination "ameetghasi100 won by resignation"]

1. d4 e6 2. c3 Nf6 3. Nf3 g6 4. Bg5 Bg7 5. Nbd2 h6 6. Bh4 d6 7. e4 g5 8. Bg3 Nh5 9. Bd3 O-O 10. Qe2 f5 11. h3 Nc6 12. O-O-O a5 13.
Bh2 a4 14. a3 Bd7 15. g4 fxg4 16. hxg4 Nf4 17. Bxf4 Rxf4 18. e5 d5 19. Rh3 Qf8 20.
Rdh1 Ne7 21. Bc2 Be8 22. R1h2 b6 23. Ne1 c5 24. f3 cxd4 25. Ng2 dxc3 26. bxc3 Rc8 27.
Nxf4 Qxf4 28. Rxh6 Rxc3 29. Rxe6 Kf8 30. Rf6+ Bxf6 31.
exf6 Qxf6 32. Kd1 Nc6 33. f4 Rxc2 34. Qd3 Rc3 35. Qxd5 Ne7 36. Qd8 Rxa3 37. fxg5 Ra1+ 38. Kc2 Qc6+ 39. Kd3 Qd5+ 40. Qxd5 Nxd5 41. Kd4 Ne7 42. Ne4 Bg6 43. Rf2+ Kg7 44. Nd6 Rd1+ 45. Ke5 a3 46.
Nf5+ Bxf5 47. gxf5 Rd5+ 48. Ke6 Rxf5 49. Ra2 Ra5 50. Kxe7 b5 0-1

[Event "Live Chess"]
[Site "Chess.com"]
[Date "2023.05.21"]
[Round "-"]
[White "Ayursworld"]
[Black "Hacker_2009"]
[Result "0-1"]
[WhiteElo "1367"]
[BlackElo "1943"]
[TimeControl "300"]
[EndTime "5:50:09 PDT"]
[Termination "Hacker_2009 won by checkmate"]

1. e4 c5 2. Nc3 d6 3. Nf3 Nf6 4. d4 cxd4 5. Qxd4 Nc6 6. Bb5 Bd7 7. Bxc6 Bxc6 8. Bg5 e5 9. Qd2 Be7 10. Bxf6 Bxf6 11. O-O O-O 12. Nd5 Bxd5 13. Qxd5 Qc7 14. Rac1 Rfd8 15. c4 Rac8 16. b3 Qc5 17. Qxb7 Rc7 18.
Qd5 Qxd5 19. cxd5 Rdc8 20. Rxc7 Rxc7 21. h3 h6 22. Kh2 Rc2 23. a4 Rb2 24. Rc1 Rxb3 25.
Rc8+ Kh7 26. Rc7 a5 27. Ra7 Rb4 28. Rxa5 Rxe4 29. Ra6 Re2 30. Rxd6 e4 31. Ng1 Be5+ 32. g3 Rxf2+ 33. Kh1 Bxd6 34. a5 Bxg3 35. a6 Rh2# 0-1

[Event "Live Chess"]
[Site "Chess.com"]
[Date "2023.05.21"]
[Round "-"]
[White "f4nomore"]
[Black "Tiltador"]
[Result "0-1"]
[WhiteElo "1387"]
[BlackElo "846"]
[TimeControl "300"]
[EndTime "5:50:12 PDT"]
[Termination "Tiltador won on time"]

1. d4 d5 2. Bg5 f6 3. Bh4 c6 4.
Nf3 e6 5. e3 Bb4+ 6. c3 Be7 7.
Be2 Nh6 8. O-O Nf5 9. Nbd2 Nxh4 10. Nxh4 O-O 11. Nb3 f5 12. Nf3 b5 13. Ne5 Bb7 14.
f4 Nd7 15. a3 Nxe5 16. dxe5 Qb6 17. Qd2 c5 18. Nc1 c4 19. b3 Bc5 20. Rf3 d4 21. cxd4 Bxf3 22. Bxf3 Rad8 23. dxc5 Rxd2 24. cxb6 axb6 25.
Na2 Rd3 26. bxc4 bxc4 27. Nb4 Rxe3 28. h3 c3 29. Rc1 Rc8 30. Nc6 Kh8 31. a4 g6 32. a5 bxa5 33. Nxa5 Rb8 34. Nc6 Rb2 35. Nd4 Rd3 36. Nxe6 c2 37. Nc5 Rc3 38. Na4 Rb1 39.
Nxc3 Rxc1+ 40. Kh2 Re1 41. Na2 c1=Q 42. Nxc1 Rxc1 43. Kg3 Rc7 44. Bd5 Re7 45. Kh4 h6 46. g4 fxg4 47. hxg4 Kg7 48. e6 Kf6 49. g5+ hxg5+ 50.
fxg5+ Kf5 51. Bb3 Kf4 52. Ba2 Kf5 53. Bb1+ Kxe6 54. Bxg6 Rg7 0-1

[Event "Live Chess"]
[Site "Chess.com"]
[Date "2023.05.21"]
[Round "-"]
[White "gmnorfolk"]
[Black "SavagePawn7"]
[Result "1-0"]
[WhiteElo "2141"]
[BlackElo "770"]
[TimeControl "300"]
[EndTime "5:50:18 PDT"]
[Termination "gmnorfolk won by resignation"]

1. d4 e5 2. dxe5 d6 3. Nf3 Nc6 4. e4 dxe5 5. Qxd8+ Nxd8 6. Nxe5 Nc6 7. Bb5 Bd7 8. Nxd7 Kxd7 9. Nc3 a6 10. Bc4 Re8 11. Bxf7 Re7 12. Bxg8 Rxg8 13. Bg5 Re5 14. O-O-O+ Kc8 15. Be3 Nb4 16. f3 Bd6 17. Bf4 Re6 18. Bxd6 Rxd6 19.
Rxd6 cxd6 20. Rd1 Kc7 21. Nd5+ Kc6 22. Nxb4+ 1-0

[Event "Live Chess"]
[Site "Chess.com"]
[Date "2023.05.21"]
[Round "-"]
[White "Ferrarifan27"]
[Black "Man-Del-Brot"]
[Result "1-0"]
[WhiteElo "2066"]
[BlackElo "1043"]
[TimeControl "300"]
[EndTime "5:50:20 PDT"]
[Termination "Ferrarifan27 won by resignation"]

1. e4 e5 2. Nf3 Nc6 3. Bb5 Nge7 4.
O-O a6 5. Ba4 b5 6. Bb3 h6 7. d3 d6 8. Nc3 Bg4 9. h3 Bh5 10. Be3 Qd7 11. a4 b4 12. Nd5 Nxd5 13.
Bxd5 a5 14. Qe2 Be7 15. c3 bxc3 16. bxc3 Bf6 17. Rfb1 O-O 18. Rb7 Rab8 19. Rab1 Rxb7 20. Rxb7 Rb8 21. Bxc6 Bxf3 22. Rxb8+ Kh7 23. Bxd7 Bxe2 24. d4 exd4 25. cxd4 Bd3 26. f3 g5 27. Bf5+ Kg7 28. g4 Bc2 29. e5 Bxf5 30. exf6+ Kxf6 31. gxf5 Kxf5 32. Rb7 c6 33. Rxf7+ Kg6 34. Rd7 1-0